Map: Ascension to Aiur LE

Players

DarkWing - Winner!

  • Race: Protoss Protoss
  • League: Platinum
  • Spawn Location: 11:00

Juxtapose

  • Race: Zerg Zerg
  • League: Gold
  • Spawn Location: 5:00

VOD

https://youtu.be/AU5z4Y3hCFE

Description

I thought I was doing a good job denying my opponent's expansions, but nope there was a "hidden" one I missed earlier on and that cost me. No wonder he was able to out produce me.

Composition-wise, I should honestly have switched the Roaches, Ravagers, and Lurkers as my opponent had poor detection, but I didn't even though I made a Lurker Den.

Time

  • Played on: Oct. 10, 2017, 3:27 p.m.
  • Length: 17:26
Show
View Real Time Build Order
Export as new Build Order

DarkWing Protoss - Winner!

Build Orders:  

Get SALT Encoding   

  12  0:02  Probe (Chrono Boost)  
  13  0:17  Pylon  
  13  0:19  Probe (Chrono Boost)  
  14  0:29  Probe (Chrono Boost)  
  15  0:37  Gateway  
  15  0:40  Probe (Chrono Boost)  
  16  0:50  Assimilator, Probe (Chrono Boost)  
  17  0:59  Assimilator  
  17  1:01  Probe (Chrono Boost)  
  18  1:11  Probe (Chrono Boost)  
  18  1:12  Pylon  
  19  1:22  Probe (Chrono Boost)  
  19  1:24  Cybernetics Core  
  21  1:33  Probe (Chrono Boost)  
  21  1:43  Probe (Chrono Boost)  
  22  1:57  Nexus  
  22  2:00  Probe (Chrono Boost)  
  23  2:02  Warp Gate (Chrono Boost)  
  23  2:10  Pylon  
  23  2:16  Adept (Chrono Boost)  
  25  2:28  Pylon  
  25  2:31  Mothership Core  
  27  2:42  Adept (Chrono Boost)  
  29  2:52  Probe  
  30  3:04  Probe  
  31  3:11  Gateway  
  31  3:14  Gateway, Probe (Chrono Boost)  
  31  3:16  Probe (Chrono Boost)  
  33  3:25  Probe (Chrono Boost)  
  34  3:27  Probe (Chrono Boost)  
  34  3:28  Pylon  
  35  3:36  Probe (Chrono Boost)  
  35  3:38  Probe (Chrono Boost)  
  37  3:46  Twilight Council, Probe (Chrono Boost)  
  38  3:48  Probe (Chrono Boost)  
  35  3:57  Probe (Chrono Boost)  
  34  4:08  Zealot  
  34  4:09  Zealot  
  38  4:19  Probe (Chrono Boost)  
  38  4:20  Gateway  
  38  4:22  Gateway  
  39  4:30  Probe (Chrono Boost)  
  40  4:31  Pylon  
  40  4:35  Dark Shrine  
  40  4:39  Probe (Chrono Boost)  
  40  4:41  Probe (Chrono Boost)  
  42  4:50  Probe (Chrono Boost)  
  42  4:51  Probe (Chrono Boost)  
  44  5:01  Probe (Chrono Boost)  
  44  5:02  Gateway, Probe (Chrono Boost)  
  44  5:03  Pylon  
  46  5:11  Probe (Chrono Boost)  
  46  5:12  Probe (Chrono Boost)  
  48  5:16  Forge  
  48  5:20  Assimilator  
  48  5:21  Assimilator  
  48  5:22  Probe (Chrono Boost)  
  48  5:23  Probe (Chrono Boost)  
  50  5:32  Probe (Chrono Boost)  
  50  5:33  Probe (Chrono Boost)  
  50  5:34  Zealot x2  
  50  5:35  Zealot  
  58  5:43  Probe (Chrono Boost)  
  58  5:44  Probe (Chrono Boost)  
  60  5:59  Photon Cannon  
  60  6:03  Photon Cannon, Pylon  
  60  6:05  Dark Templar  
  60  6:06  Dark Templar x2  
  60  6:07  Dark Templar  
  60  6:08  Dark Templar  
  70  6:22  Zealot  
  62  7:05  Robotics Facility  
  62  7:09  Robotics Facility, Protoss Ground Weapons Level 1 (Chrono Boost)  
  62  7:23  Stalker x3  
  62  7:24  Stalker x3  
  74  7:33  Blink  
  74  7:35  Probe  
  74  7:44  Nexus  
  75  7:49  Stalker x3  
  75  7:50  Stalker x2  
  75  7:51  Stalker  
  87  7:59  Observer  
  87  8:01  Observer  
  87  8:05  Robotics Bay  
  75  8:17  Zealot x3  
  75  8:18  Zealot  
  75  8:19  Zealot x2  
  83  8:32  Immortal  
  87  8:35  Immortal  
  91  8:47  Pylon  
  91  8:49  Pylon  
  91  8:50  Pylon  
  91  8:52  Pylon  
  91  8:53  Pylon  
  91  8:54  Pylon, Probe  
  92  9:04  Probe  
  93  9:11  Colossus (Chrono Boost)  
  93  9:12  Colossus (Chrono Boost)  
  93  9:15  Probe  
  106  9:25  Probe  
  106  9:31  Stalker x3  
  109  9:37  Probe  
  114  9:38  Protoss Ground Armor Level 1 (Chrono Boost)  
  114  9:48  Charge  
  114  9:54  Colossus  
  114  9:55  Colossus  
  114  10:06  Probe  
  127  10:09  Assimilator  
  127  10:12  Assimilator  
  127  10:15  Stalker  
  127  10:16  Stalker x2  
  127  10:18  Probe  
  78  11:04  Colossus  
  78  11:05  Colossus  
  72  11:13  Stalker x2  
  72  11:14  Stalker x3  
  72  11:15  Stalker  
  72  11:17  Probe  
  97  11:21  Probe  
  98  11:29  Probe  
  99  11:33  Probe  
  99  11:37  Nexus, Protoss Ground Armor Level 2 (Chrono Boost)  
  99  11:41  Probe  
  100  11:53  Probe  
  101  11:56  Observer x2, Stalker  
  101  11:57  Stalker  
  107  12:05  Probe  
  108  12:09  Probe  
  109  12:17  Stalker  
  109  12:18  Stalker x3, Observer, Probe  
  109  12:21  Probe  
  120  12:30  Probe  
  120  12:33  Probe  
  122  12:42  Probe  
  123  12:46  Stalker  
  123  12:47  Stalker x3  
  123  12:48  Stalker x2  
  135  12:57  Probe  
  136  13:03  Probe  
  137  13:07  Colossus  
  137  13:09  Probe  
  137  13:12  Colossus  
  137  13:13  Probe  
  150  13:20  Protoss Ground Weapons Level 2 (Chrono Boost)  
  150  13:23  Assimilator  
  150  13:24  Assimilator, Probe  
  151  13:37  Stalker x2  
  151  13:38  Extended Thermal Lance (Chrono Boost), Stalker x4  
  163  14:03  Pylon  
  163  14:05  Pylon  
  163  14:08  Colossus (Chrono Boost)  
  169  14:21  Colossus (Chrono Boost)  
  175  14:24  Pylon  
  175  14:27  Pylon  
  175  14:28  Pylon  
  175  14:36  Stalker  
  175  14:37  Stalker x3  
  183  14:38  Stalker  
  183  14:39  Stalker  
  187  14:54  Gateway  
  187  15:01  Stalker x4  
  187  15:02  Stalker  
  187  15:04  Stalker  
  199  15:09  Gateway  
  199  15:12  Photon Cannon  
  199  15:14  Photon Cannon  
  199  15:15  Photon Cannon  
  137  15:51  Stalker  
  137  15:52  Stalker x2  
  137  15:53  Stalker x2  
  137  15:54  Stalker  
  149  16:01  Pylon  
  149  16:03  Pylon  
  131  16:45  Stalker  
  131  16:46  Stalker x3  
  131  16:47  Stalker x3  
  141  16:48  Stalker  
  147  17:25  Stalker  
  147  17:26  Stalker x3  
Show
View Real Time Build Order
Export as new Build Order

Juxtapose Zerg 

Build Orders: Pool First 

Get SALT Encoding   

  12  0:01  Drone  
  13  0:12  Overlord  
  13  0:17  Drone  
  14  0:31  Drone  
  14  0:32  Drone  
  16  0:42  Spawning Pool  
  15  0:46  Drone  
  16  0:53  Extractor  
  16  0:56  Drone  
  16  0:59  Overlord  
  16  1:07  Drone  
  17  1:19  Drone  
  18  1:28  Drone  
  18  1:29  Queen  
  21  1:42  Zergling x2  
  22  1:53  Hatchery  
  21  1:57  Spore Crawler  
  21  1:59  Drone  
  21  2:06  Drone  
  22  2:11  Extractor, Drone  
  22  2:22  Drone  
  23  2:33  Drone  
  24  2:43  Zergling x6  
  27  2:52  Queen  
  27  2:54  Metabolic Boost  
  29  3:02  Drone  
  30  3:08  Queen, Drone  
  33  3:15  Drone  
  33  3:18  Drone  
  33  3:19  Drone  
  36  3:27  Spore Crawler  
  35  3:38  Drone  
  35  3:39  Overlord  
  34  4:06  Lair  
  34  4:10  Overlord  
  34  4:13  Overlord  
  34  4:18  Evolution Chamber  
  34  4:19  Zergling x6  
  36  4:37  Drone x3  
  36  4:38  Drone x4  
  43  4:55  Queen  
  43  4:58  Drone x4  
  43  4:59  Drone x4  
  53  5:02  Extractor  
  53  5:05  Extractor  
  51  5:12  Hydralisk Den  
  50  5:15  Zerg Missile Weapons Level 1  
  50  5:27  Pneumatized Carapace  
  50  5:33  Drone x5  
  55  5:45  Muscular Augments  
  55  5:51  Hydralisk x2  
  55  5:52  Overlord  
  55  5:53  Overlord  
  59  6:09  Drone  
  59  6:10  Burrow  
  60  6:13  Hydralisk  
  60  6:14  Hydralisk x5  
  72  6:19  Overlord  
  72  6:27  Drone x2  
  72  6:28  Hydralisk  
  76  6:33  Overlord  
  76  6:34  Overlord  
  76  6:40  Infestation Pit  
  76  6:42  Overseer  
  76  6:46  Overseer  
  75  6:48  Overseer  
  74  7:03  Hydralisk x3  
  74  7:04  Zergling x2, Hydralisk  
  74  7:05  Zergling x8  
  87  7:10  Zerg Ground Armor Level 1  
  87  7:16  Hydralisk x2  
  87  7:19  Zergling x2  
  92  7:48  Hydralisk  
  92  7:49  Hydralisk x3  
  100  7:55  Hatchery, Overlord  
  100  7:56  Overlord x2  
  88  8:21  Hydralisk x6  
  88  8:22  Hydralisk x2  
  117  9:19  Lurker Den  
  117  9:25  Drone x2  
  119  9:37  Pathogen Glands  
  119  9:39  Hive  
  119  9:44  Zergling x8  
  119  9:45  Zergling x14, Spore Crawler  
  130  9:46  Zergling x2, Overlord  
  130  9:47  Overlord x3  
  130  10:07  Zergling x4  
  130  10:08  Zergling x10  
  137  10:18  Drone  
  138  10:30  Extractor  
  137  10:36  Extractor  
  113  10:50  Zergling x6  
  113  10:51  Zergling x4, Hydralisk x7  
  85  11:11  Hydralisk x3  
  85  11:12  Hydralisk x7  
  85  11:13  Hydralisk  
  85  11:14  Zergling x2  
  108  11:21  Ultralisk Cavern  
  108  11:23  Drone x2  
  108  11:24  Drone  
  110  11:59  Drone x2  
  110  12:00  Spire, Drone  
  112  12:18  Adrenal Glands  
  103  12:41  Chitinous Plating  
  97  12:53  Ultralisk  
  97  12:54  Ultralisk x4, Zergling x2  
  97  12:55  Zergling x10  
  133  13:11  Drone x2  
  133  13:12  Drone x2  
  137  13:18  Corruptor x2  
  141  13:38  Zerg Missile Weapons Level 2  
  141  13:41  Hatchery  
  140  13:57  Corruptor x4  
  148  14:22  Zergling x4  
  148  14:23  Zergling x8  
  154  14:24  Overlord  
  154  14:25  Overlord x3  
  154  14:48  Hydralisk  
  154  14:49  Hydralisk x6  
  168  15:22  Spore Crawler  
  141  15:31  Ultralisk x3  
  141  15:32  Zergling x6  
  141  15:33  Zergling x2  
  79  15:55  Hydralisk  
  79  15:56  Hydralisk x6  
  90  15:59  Corruptor  
  90  16:04  Drone x3  
  97  16:21  Hydralisk x4  
  97  16:22  Zergling x8  
  97  16:23  Zergling x2  
  63  16:50  Zergling x6  
  63  16:51  Zergling x10  
Tags
 
Add a new tag
Caveats
  • Supply blocks, unpowered buildings, or Contaminate may cause inaccurate times.
  • Supply counts are checked every 10 seconds.